 Dungeon Crawl Stone Soup version 0.29-a0-330-g52719c12eb (webtiles) character file.

Game seed: 17352260117577388304

8 thiscave3701365 the Skirmisher (level 2, 27/27 HPs)
             Began as a Minotaur Berserker on Apr 12, 2022.
             Was a Follower of Trog.
             Quit the game on level 1 of the Dungeon.
             The game lasted 00:00:13 (317 turns).

thiscave3701365 the Skirmisher (Minotaur Berserker)  Turns: 317, Time: 00:00:14

Health: 27/27      AC:  2    Str: 21    XL:     2   Next: 0%
Magic:  1/1        EV: 12    Int:  4    God:    Trog [*.....]
Gold:   49         SH:  0    Dex:  9    Spells: 1/1 levels left

rFire   . . .      SeeInvis .   a - +0 falchion
rCold   . . .      Faith    .   (no shield)
rNeg    . . .      Spirit   .   b - +0 animal skin
rPois   .          Reflect  .   (helmet restricted)
rElec   .          Harm     .   (no cloak)
rCorr   .          Rampage  .   (no gloves)
Will    .....                   (no boots)
Stlth   +.........              (no amulet)
HPRegen 0.09/turn               (no ring)
MPRegen 0.07/turn               (no ring)

@: no status effects
A: horns 2, retaliatory headbutt
a: Renounce Religion, Berserk


You were on level 1 of the Dungeon.
You worshipped Trog.
Trog was aware of your devotion.
You visited 1 branch of the dungeon, and saw 1 of its levels.

You collected 49 gold pieces.

Inventory:

Hand Weapons
 a - a +0 falchion (weapon)
Armour
 b - a +0 animal skin (worn)
Jewellery
 g - a +6 ring of strength
Scrolls
 d - a scroll of immolation {unknown}
 f - a scroll of amnesia {unknown}
 h - a scroll of holy word {unknown}
Potions
 c - a potion of degeneration {unknown}
 e - a potion of curing {unknown}


   Skills:
 + Level 3.8 Fighting
 + Level 3.8 Long Blades
 + Level 2.6 Armour
 + Level 2.4 Dodging


You had one spell level left.
You didn't know any spells.
Your spell library was empty.

Dungeon Overview and Level Annotations

Branches:
Dungeon (1/15)

Altars:


Innate Abilities, Weirdness & Mutations

You have a pair of horns on your head.
You reflexively headbutt those who attack you in melee.


Message History

g - a +6 ring of strength You now have 33 gold pieces (gained 17).
Key pressed, stopping explore.
No target in view!
A goblin comes into view. It is wielding a +0 club.
Found 10 gold pieces.
A goblin is nearby!
Unknown command.
A goblin is nearby!
The goblin closely misses you.
A goblin is nearby!
You hit the goblin.
You kill the goblin!
Trog accepts your kill.
You see here a +0 club.
h - a scroll labelled NUMPEU FUAXIUST No target in view!
No target in view!
You now have 43 gold pieces (gained 10).
Key pressed, stopping explore.
Unknown command.
You now have 49 gold pieces (gained 6).
As you open the door, it creaks loudly!
No target in view!
There is an open door here.
You open the door.
There is an open door here.
You open the door.
Key pressed, stopping explore.
No target in view!
There is a staircase leading out of the dungeon here.
A quokka comes into view.
A quokka is nearby!
Found a stone staircase leading down.
A quokka is nearby!
You hit the quokka.
You kill the quokka!
Trog accepts your kill.
You have reached level 2!
Are you sure you want to abandon this character and quit the game? (Confirm with "yes".)

......#....^........#
....................##
##.............#.....#
...............#.....#
......#..............# .
......#..............#..
.......................>
.######.#######.........
.# #.........##.@.......
.###...<.....###.†......
.............# .........
.............#..........
........8....#..........
.........♣...#..........
.............#.......###
.............#.......#
.............#


There were no monsters in sight!

Vanquished Creatures
  2 goblins (D:1)
  2 kobolds (D:1)
  2 quokkas (D:1)
  A rat (D:1)
7 creatures vanquished.

Notes
Turn   | Place    | Note
-------+----------+-------------------------------------------
     0 | D:1      | thiscave3701365 the Minotaur Berserker began the quest for
                  | the Orb.
     0 | D:1      | Reached XP level 1. HP: 19/19 MP: 0/0
   125 | D:1      | Found a faded altar of an unknown god.
   317 | D:1      | Reached XP level 2. HP: 27/27 MP: 1/1
   317 | D:1      | Quit the game

Illustrated notes

Levels and vault maps discovered:
D:1:      wander_arrival_peaceful_grave, layout_basic,
          shapermc_ecumenical_altar_venn

Action                   || total
-------------------------++-------
Melee: Falchion          ||     9
       Headbutt          ||     1
Dodge: Dodged            ||     5

Table legend: (Time is in decaauts)
 A = Elapsed time spent in this place.
 B = Non-inter-level travel time spent in this place.
 C = Inter-level travel time spent in this place.
 D = Time resting spent in this place.
 E = Time spent auto-exploring this place.
 F = Levels seen in this place.
 G = Mean time per level.
                   A        B        C        D        E       F      G
               +--------+--------+--------+--------+--------+-----+--------+
         Total |    318 |    318 |      0 |      0 |    276 |   1 |  318.0 |
       Dungeon |    318 |    318 |      0 |      0 |    276 |   1 |  318.0 |
               +--------+--------+--------+--------+--------+-----+--------+

Top non-repeatable levels by time:
     D:1: 318 daAuts
